[Event "Early-Titled-Tuesday-Blitz-October-17-2023"]
[Site "Chess.com"]
[Date "2023.10.17"]
[Round "2"]
[White "Sl4werThanYou"]
[Black "CADMartin"]
[Result "0-1"]
[WhiteElo "2646"]
[BlackElo "2482"]
[TimeControl "180+1"]
[EndTime "8:20:24 PDT"]
[Termination "CADMartin won by checkmate"]

1. e4 e5 2. Nf3 Nc6 3. Nc3 Nf6 4. h3 Bb4 5. Bd3 d6 6. a3 Ba5 7. Na2 h6 8. b4 Bb6 9. c4 a5 10. Bb2 Be6 11. Qb3 Nh5 12. b5 Ne7 13. g3 Nc8 14.
Be2 Nf6 15. Nc3 Qd7 16. g4 Bd4 17. d3 h5 18. g5 Bxc3+ 19. Qxc3 Ng8 20. h4 Nge7 21.
d4 exd4 22. Qxd4 Rg8 23. O-O-O Nb6 24. c5 Nbc8 25. e5 d5 26. Kb1 c6 27. b6 g6 28.
Ka1 Nf5 29. Qf4 Ng7 30. Nd2 Bf5 31. Nc4 Ne6 32. Qe3 Kf8 33. Nd6 Nxd6 34. exd6 a4 35.
Rhe1 Ra5 36. Rc1 Ke8 37. Bf6 Qc8 38. Rc3 Kd7 39. Rec1 Re8 40. Qd2 Qa8 41. Be7 Rxe7 42. dxe7 Kxe7 43. Bd3 Bxd3 44. Qxd3 Rb5 45. Qf3 Qh8 46.
Ka2 Qd4 47. R1c2 Qg7 48. Rb2 Rxb2+ 49. Kxb2 Qd4 50. Kc1 Kf8 51. Qe3 Qxh4 52. Qe5 Qxg5+ 53. Qxg5 Nxg5 54. Rd3 Ne4 55. Rd4 Nxc5 56. Kc2 Ke7 57. Kc3 Kd6 58. Rf4 f5 59. Rh4 Ne4+ 60. Kb4 Nxf2 61.
Kxa4 Ng4 62. Kb4 f4 63. a4 f3 64. Rh3 Ne5 65. Rh2 f2 66. Rh1 g5 67. a5 g4 68. a6 bxa6 69. b7 Kc7 70. Kc5 g3 71.
Rxh5 Nd7+ 72. Kd4 f1=Q 73. Rh4 Qc4+ 74. Ke3 Qxh4 75. Kf3 Ne5+ 76. Kg2 Qh2+ 77. Kf1 Qf2# 0-1

[Event "Early-Titled-Tuesday-Blitz-October-17-2023"]
[Site "Chess.com"]
[Date "2023.10.17"]
[Round "2"]
[White "Jospem"]
[Black "wqws"]
[Result "1-0"]
[WhiteElo "3104"]
[BlackElo "2630"]
[TimeControl "180+1"]
[EndTime "8:20:25 PDT"]
[Termination "Jospem won by resignation"]

1. e4 c5 2. Nf3 d6 3. c3 Nf6 4. h3 g6 5. Bd3 Bg7 6. Bc2 O-O 7. O-O b6 8. d4 Bb7 9. Re1 Nbd7 10. e5 Nd5 11.
exd6 exd6 12. Na3 N7f6 13. Bg5 h6 14. Bh4 Nf4 15. Nc4 b5 16. Ne3 Qc8 17. Bxf6 Bxf6 18.
Ng4 Bg7 19. Be4 h5 20. Bxb7 Qxb7 21. Ne3 c4 22. b3 d5 23. Qd2 Nd3 24. Reb1 Qc6 25.
bxc4 bxc4 26. Ne1 Nxe1 27. Rxe1 Rfe8 28. Nc2 Qd6 29. Rab1 Reb8 30. Qe3 Rxb1 31. Rxb1 Rb8 32. Rxb8+ Qxb8 33. Nb4 Qb5 34. Qe7 a5 35. Qd8+ Kh7 36.
Qxd5 Qa4 37. Nc6 Qxa2 38. Qxa5 Qb1+ 39. Kh2 Qe4 40. Qc7 Bh6 41. Qxf7+ Kh8 42. Ne7 Qf4+ 43. Qxf4 Bxf4+ 44. g3 Bd2 45. Nd5 Kg7 46. Kg2 Kf7 47.
Kf3 Ke6 48. Ke4 g5 49. g4 h4 50. Ne3 Bxc3 51. Nxc4 Be1 52. f3 Bg3 53. d5+ Kf6 54.
Ne3 Bf4 55. Ng2 Bg3 56. f4 gxf4 57. Nxf4 Ke7 58. Ne2 Bc7 59. Nd4 Ke8 60. Kf5 Ke7 61.
g5 Bb6 62. Ne6 Ba5 63. g6 Bc3 64. g7 Kf7 65. d6 Bxg7 66. Nxg7 Kxg7 67. d7 1-0

[Event "Early-Titled-Tuesday-Blitz-October-17-2023"]
[Site "Chess.com"]
[Date "2023.10.17"]
[Round "2"]
[White "giomar27"]
[Black "FunnyDuck66"]
[Result "1-0"]
[WhiteElo "2315"]
[BlackElo "2494"]
[TimeControl "180+1"]
[EndTime "8:20:29 PDT"]
[Termination "giomar27 won by checkmate"]

1. b3 Nf6 2. Bb2 d5 3. Nf3 Bg4 4. e3 Nbd7 5. c4 e6 6. h3 Bh5 7. Nc3 c6 8. Be2 Bd6 9. d4 O-O 10. O-O Ne4 11. Nxe4 dxe4 12. Nd2 Bxe2 13. Qxe2 f5 14.
f3 exf3 15. gxf3 Rf6 16. f4 Rg6+ 17. Kh2 Qh4 18. Rg1 Rh6 19. Qg2 Rg6 20. Qf1 Nf6 21.
Rxg6 hxg6 22. Kg2 Kf7 23. Nf3 Qh5 24. Ng5+ Ke7 25. Qf3 Qh4 26. Qg3 Qh5 27. Qf3 Qxf3+ 28. Kxf3 Rh8 29. Rg1 b5 30. Rc1 bxc4 31. Rxc4 Kd7 32.
Ra4 Bb8 33. Ba3 Nd5 34. Bc5 Bc7 35. Rxa7 Rc8 36. Nf7 Rb8 37. Ne5+ Kd8 38. Nxc6+ Kc8 39. Nxb8 Kxb8 40. Ra4 Kb7 41. Rc4 Kc6 42. Rc1 Kd7 43.
Rg1 Bd8 44. Rxg6 Bf6 45. Rg1 Nc3 46. a4 Ne4 47. a5 Nd2+ 48. Ke2 Nxb3 49. Rb1 Nxa5 50.
Ra1 Nc6 51. Rc1 Kc7 52. Kd3 Kd7 53. Kc4 Ne7 54. Kb5 Nd5 55. Re1 Nc3+ 56. Kb6 Ne4 57. Ra1 Ke8 58. Ra7 Be7 59. Rxe7+ Kf8 60. Ra7+ Kg8 61.
Ra8+ Kh7 62. Kc6 Kh6 63. Kd7 g5 64. fxg5+ Kxg5 65. Kxe6 Kh4 66. Rh8+ Kg3 67. Kxf5 Nc3 68. Rg8+ Kf3 69. h4 Kxe3 70. h5 Nd5 71. h6 Kd3 72. h7 Kc4 73. h8=Q Nc3 74. Rd8 Nb5 75. Qg8+ Kc3 76.
Rb8 Na3 77. Qb3+ Kd2 78. Qxa3 Kd1 79. Rb1+ Ke2 80. Rb2+ Ke1 81. Qa1# 1-0

[Event "Early-Titled-Tuesday-Blitz-October-17-2023"]
[Site "Chess.com"]
[Date "2023.10.17"]
[Round "2"]
[White "Mesa_1"]
[Black "alexrustemov"]
[Result "1-0"]
[WhiteElo "2592"]
[BlackElo "2820"]
[TimeControl "180+1"]
[EndTime "8:20:32 PDT"]
[Termination "Mesa_1 won by resignation"]

1. e4 e6 2. d4 d5 3. exd5 exd5 4. Nf3 Bf5 5. Bd3 Bxd3 6. Qxd3 Nc6 7. O-O Bd6 8. Nc3 Nge7 9. Nb5 a6 10. Nxd6+ Qxd6 11. Re1 O-O 12. c3 Rfe8 13. Bd2 Qg6 14. Qxg6 Nxg6 15. h4 h5 16. g3 f6 17. Kg2 Kf7 18.
Ng1 Nce7 19. Nh3 Nf5 20. Nf4 Nxf4+ 21. Bxf4 c6 22. Bd2 Rxe1 23. Rxe1 Re8 24. Rxe8 Kxe8 25. Kf3 Kf7 26. Kf4 Ke6 27. Kf3 Nd6 28. Bf4 Nc4 29.
Bc1 Kf5 30. b3 Nd6 31. Bf4 Nb5 32. Bd2 g5 33. Be1 gxh4 34. gxh4 Nd6 35. Ke3 Kg4 36. f3+ Kf5 37. Bg3 Ne8 38. Kd3 Ng7 39. Ke3 Kg6 40. Bf2 Ne6 41. Bg3 Kf5 42. Bh2 b6 43. Bg3 Nf8 44.
Bc7 Nd7 45. Bg3 Ke6 46. Bh2 c5 47. c4 dxc4 48. bxc4 cxd4+ 49. Kxd4 b5 50. a3 Nb6 51. cxb5 axb5 52. Kc5 Nc4 53. a4 Nd2 54. a5 Nxf3 55.
a6 Nxh2 56. a7 Nf3 57. a8=Q Ne5 58. Qc8+ Kf7 59. Kd5 Kg6 60. Ke6 b4 61. Qg8+ Kh6 62. Kxf6 Ng4+ 63. Kf5 Ne3+ 64. Kf4 Ng4 65. Qg5+ Kh7 66.
Qxh5+ Nh6 67. Kg5 1-0

[Event "Early-Titled-Tuesday-Blitz-October-17-2023"]
[Site "Chess.com"]
[Date "2023.10.17"]
[Round "2"]
[White "DreamsAreFake"]
[Black "AyMitecK"]
[Result "1-0"]
[WhiteElo "2742"]
[BlackElo "2544"]
[TimeControl "180+1"]
[EndTime "8:20:36 PDT"]
[Termination "DreamsAreFake won by checkmate"]

1. Nf3 Nf6 2. g3 e6 3. Bg2 d5 4.
O-O Bd6 5. b3 O-O 6. Bb2 c5 7.
e3 Nc6 8. c4 Re8 9. Nc3 b6 10.
Rc1 Bb7 11. cxd5 exd5 12. d4 c4 13. bxc4 dxc4 14. Nb5 Na5 15. Bc3 Bd5 16. Bxa5 bxa5 17. Nd2 Bxg2 18. Kxg2 Bb4 19. Nf3 Nd5 20. Ne5 a6 21.
Qf3 f6 22. Nc6 Qd7 23. Nba7 c3 24. e4 Nb6 25. a3 Bxa3 26. Rxc3 Bb4 27. Rc2 Rxa7 28.
Nxa7 Qxa7 29. Rc6 Nd7 30. Qd3 Qb7 31. Qc4+ Kh8 32. f3 Qb5 33. Rc1 Qxc4 34. R1xc4 h5 35. Rxa6 Rb8 36. Rc7 Nf8 37. d5 Ng6 38. f4 Re8 39. Kf3 h4 40. Raa7 hxg3 41. hxg3 Bf8 42.
Rxa5 Rb8 43. Rca7 Rb3+ 44. Kg4 Kh7 45. Ra1 Bc5 46. Ra8 Bf2 47. Rh1+ Nh4 48. Rxh4+ Kg6 49. Rh3 f5+ 50. exf5+ Kf6 51. Ra6+ Kf7 52. Re6 Rc3 53. d6 Rd3 54. Re7+ Kf6 55. Re6+ Kf7 56. Re2 Bc5 57. Rh1 Bxd6 58. Rc1 Bb4 59. Rc7+ Kg8 60. Rb7 Bc3 61. Re8+ Kh7 62. Rbb8 Kh6 63. Rh8# 1-0

[Event "Early-Titled-Tuesday-Blitz-October-17-2023"]
[Site "Chess.com"]
[Date "2023.10.17"]
[Round "2"]
[White "C_K_G"]
[Black "szachmistrz2500"]
[Result "0-1"]
[WhiteElo "1891"]
[BlackElo "2410"]
[TimeControl "180+1"]
[EndTime "8:20:38 PDT"]
[Termination "szachmistrz2500 won on time"]

1. e4 c5 2. Nf3 e6 3. d4 cxd4 4. Nxd4 Nc6 5. Nc3 Qc7 6. Be3 a6 7. Be2 Nf6 8. O-O Be7 9. f4 d6 10. Bf3 O-O 11. Nb3 b5 12. Qe1 Bb7 13. g4 b4 14. Ne2 d5 15. exd5 Nxd5 16. Bc1 Qb6+ 17.
Kh1 a5 18. Qg3 a4 19. Nd2 Ne3 20. Rg1 Nxc2 21. Rb1 N6d4 22. Nxd4 Nxd4 23. Bxb7 Qxb7+ 24. Qg2 Qxg2+ 25. Rxg2 Rfd8 26. Nc4 Rac8 27. Nb6 Rc6 28. Nxa4 Nf3 29. Be3 Rd3 30. Re2 h6 31. b3 Nd4 32.
Bxd4 Rxd4 33. Rf1 Bd6 34. f5 e5 35. Rg1 f6 36. Nb2 Rc3 37. Nc4 Bc7 38. Rg3 Rxg3 39. hxg3 Rxg4 40. Re3 Rd4 41. Kg2 h5 42. Kh3 Kh7 43.
Rf3 Kh6 44. Ne3 Kg5 45. Nc4 e4 46. Re3 Kxf5 47. Kh4 g6 48. Re2 Rd1 49. Ne3+ Ke5 50.
Nxd1 Bb6 51. g4 hxg4 52. Kxg4 f5+ 53. Kg5 f4 54. Kxg6 f3 55. Rc2 e3 56. Nxe3 Bxe3 57. Rc6 f2 58. Rf6 Bf4 59. Rf8 f1=Q 60. Re8+ Kd4 61. Rd8+ Kc3 62. Rc8+ Kb2 63. Rc4 Kxa2 64. Rxb4 Bd2 65. Rc4 Kxb3 66. Rg4 Bc3 67. Rg5 Qf6+ 68. Kh5 Kc4 69. Rg4+ Kd3 70. Rg3+ Kd2 71. Rg2+ Ke1 72. Rg1+ Kf2 0-1

[Event "Early-Titled-Tuesday-Blitz-October-17-2023"]
[Site "Chess.com"]
[Date "2023.10.17"]
[Round "2"]
[White "GiorgianBarbosa"]
[Black "GaiozNigalidze"]
[Result "0-1"]
[WhiteElo "2374"]
[BlackElo "2708"]
[TimeControl "180+1"]
[EndTime "8:20:45 PDT"]
[Termination "GaiozNigalidze won by checkmate"]

1. d4 d5 2. Nf3 Nf6 3. Bf4 e6 4. e3 Be7 5. c3 Nh5 6. Bg3 Nc6 7. Nbd2 g5 8. Ne5 Nxg3 9. Nxc6 bxc6 10.
hxg3 Bf6 11. b4 a5 12. a3 axb4 13. axb4 Rxa1 14. Qxa1 Bd7 15. Nb3 Kf8 16. Nc5 Kg7 17.
Bd3 e5 18. Qb1 h5 19. Bf5 Be8 20. Qd1 Qa8 21. Rxh5 Rxh5 22. Qxh5 Qa1+ 23. Ke2 Qb2+ 24. Kd1 Qxc3 25. Qh7+ Kf8 26. Qh6+ Bg7 27. Qxg5 exd4 28.
Qd8 Qa1+ 29. Ke2 d3+ 30. Bxd3 Qb2+ 31. Kf3 Qf6+ 32. Qxf6 Bxf6 33. Na6 Bc3 34. Ke2 Bd7 35. b5 Ba5 36. bxc6 Bxc6 37. Nc5 Ke7 38. Nb3 Bc3 39. Nd4 Bd7 40. Bf5 Be8 41. Bd3 c5 42. Nf5+ Kf6 43.
g4 Ke5 44. f4+ Kf6 45. g5+ Ke6 46. Ng7+ Bxg7 47. g4 Ba4 48. f5+ Ke5 49. f6 Bf8 50. Kf3 Bd7 51. Bh7 c4 52. Bg8 c3 53. Bh7 Ba4 54.
g6 fxg6 55. Bxg6 c2 56. Bxc2 Bxc2 57. g5 Kf5 58. f7 Kxg5 59. Ke2 Be4 60. Kd2 Kf6 61. Kc3 Kxf7 62. Kd4 Ke6 63. Kc3 Bc5 64. Kd2 Ke5 65. Ke2 Kf5 66. Kf2 Kg4 67. Ke2 Kg3 68. Kd2 Kf3 69. Kc3 Kxe3 70. Kb2 Kd2 71. Ka1 Bc2 72.
Ka2 d4 73. Ka1 Kc1 74. Ka2 d3 75. Ka1 d2 76. Ka2 d1=Q 77. Ka1 Qd4+ 78. Ka2 Qa4# 0-1

[Event "Early-Titled-Tuesday-Blitz-October-17-2023"]
[Site "Chess.com"]
[Date "2023.10.17"]
[Round "2"]
[White "vladgoncharov"]
[Black "Thormento16"]
[Result "1-0"]
[WhiteElo "2542"]
[BlackElo "2299"]
[TimeControl "180+1"]
[EndTime "8:20:46 PDT"]
[Termination "vladgoncharov won on time"]

1. d4 Nf6 2. c4 e6 3. Nc3 Bb4 4. e3 O-O 5. Bd3 c5 6. Ne2 Nc6 7. O-O Bxc3 8. bxc3 b6 9. Ng3 d6 10. f4 Qc7 11. Qe2 Ba6 12. d5 Na5 13. e4 exd5 14.
cxd5 c4 15. Bc2 Rae8 16. Qf3 Nb7 17. Be3 Nc5 18. Bd4 Qe7 19. Nf5 Qd8 20. Qg3 g6 21. Qg5 Ncd7 22. Rf3 Kh8 23. Rh3 Re5 24. fxe5 dxe5 25.
Be3 gxf5 26. Qxf5 Rg8 27. Bg5 Rg6 28. Rf1 Qg8 29. Rg3 Nh5 30. Rg4 Nc5 31. h4 Qg7 32. Qf3 h6 33. Qxf7 Qxf7 34. Rxf7 hxg5 35. Rxg5 Rxg5 36.
hxg5 Nf4 37. Rxa7 Bb5 38. a4 Bd7 39. a5 bxa5 40. Rxa5 Ncd3 41. Kf1 Bg4 42. d6 Ne2 43. Ra8+ Kg7 44. Ra7+ Kg6 45. d7 Ng3+ 46. Kg1 Ne2+ 47. Kh2 Bxd7 48. Rxd7 Kxg5 49. Bxd3 cxd3 50. Rxd3 Kf4 51.
Rd2 Nxc3 52. g3+ Kg4 53. Rd3 Nxe4 54. Kg2 Ng5 55. Ra3 e4 56. Kf2 Nh3+ 57. Kg2 Ng5 58. Ra4 Kf5 59. Rb4 Ne6 60. Kf2 Ke5 61. Ke3 Ng5 62.
Rb5+ Kf6 63. g4 Kg6 64. Kf4 Nf7 65. Rb6+ Kg7 66. Kxe4 Ng5+ 67. Kf5 Nf7 68. Rb7 Kf8 69. Rd7 Kg8 70. Kf6 Nh8 71. g5 Nf7 72. Rxf7 Kh8 73. g6 1-0

[Event "Early-Titled-Tuesday-Blitz-October-17-2023"]
[Site "Chess.com"]
[Date "2023.10.17"]
[Round "2"]
[White "ivana_999"]
[Black "Doomfist26"]
[Result "0-1"]
[WhiteElo "2106"]
[BlackElo "2633"]
[TimeControl "180+1"]
[EndTime "8:20:48 PDT"]
[Termination "Doomfist26 won by checkmate"]

1. d4 Nf6 2. c4 g6 3. Nc3 Bg7 4. e4 d6 5. f4 c5 6. d5 O-O 7.
Nf3 e6 8. Be2 exd5 9. cxd5 Re8 10. e5 dxe5 11. fxe5 Ng4 12. e6 fxe6 13. d6 Nc6 14.
Bg5 Qb6 15. Na4 Qb4+ 16. Bd2 Ne3 17. Bxb4 Nxd1 18. Nxc5 Ne3 19. Kf2 Nc2 20. Rad1 N2xb4 21. d7 Bxd7 22. Rxd7 b6 23. Ne4 Nd5 24. Bb5 Nd4 25. Nxd4 Bxd4+ 26. Ke2 Rf8 27. Bc6 Rad8 28. Rxd8 Rxd8 29.
Bxd5 exd5 30. Nc3 Bf6 31. Rf1 Kg7 32. Rd1 d4 33. Ne4 Be5 34. Kd3 Bf4 35. g3 Be3 36. Rf1 Rc8 37. Nd6 Rd8 38. Nc4 Bg5 39. Ne5 Bf6 40. Ng4 Be7 41. Ne5 Bf6 42. Ng4 Bg5 43. Ne5 Rd5 44. Nc4 Bf6 45. h4 b5 46. Nd2 Re5 47.
Ne4 Rf5 48. Rxf5 gxf5 49. Nd6 Kg6 50. Nxb5 Be5 51. Nxd4 Bxg3 52. Nf3 Kh5 53. Ke2 Bxh4 54. b4 Kg4 55. a4 Be7 56. b5 Bd8 57. Ne5+ Kf4 58.
Nc6 Bb6 59. Nxa7 Bxa7 60. a5 Ke5 61. b6 Bxb6 62. axb6 Kd6 63. Kf3 h5 64. Kf4 h4 65.
Kf3 Kc6 66. Kg2 f4 67. Kh3 f3 68. Kh2 Kxb6 69. Kg1 h3 70. Kf2 h2 71. Kxf3 h1=Q+ 72.
Kg3 Kc5 73. Kg4 Kd4 74. Kg5 Ke5 75. Kg6 Qg2+ 76. Kh6 Kf6 77. Kh5 Qg5# 0-1

[Event "Early-Titled-Tuesday-Blitz-October-17-2023"]
[Site "Chess.com"]
[Date "2023.10.17"]
[Round "2"]
[White "Roedor"]
[Black "ssunu"]
[Result "1-0"]
[WhiteElo "2413"]
[BlackElo "1932"]
[TimeControl "180+1"]
[EndTime "8:20:50 PDT"]
[Termination "Roedor won by resignation"]

1. d4 Nf6 2. c4 e6 3. g3 d5 4. Bg2 dxc4 5. Qa4+ c6 6. Qxc4 Be7 7.
Nf3 b5 8. Qc2 Bb7 9. a4 a6 10. O-O Qb6 11. Nc3 O-O 12. Rd1 c5 13. dxc5 Bxc5 14. e3 Nc6 15. axb5 axb5 16. Rxa8 Rxa8 17.
Ng5 h6 18. Nge4 Nxe4 19. Nxe4 Be7 20. Nd6 Bxd6 21. Rxd6 Rc8 22. Bd2 Qc7 23. Qc5 Ne7 24. Qxc7 Rxc7 25. Bxb7 Rxb7 26. e4 e5 27. Bc3 Ng6 28. h4 h5 29. Kf1 b4 30. Bd2 Rb5 31. Ke2 Nf8 32. Rd5 Rb6 33. Rxe5 Ne6 34. Rd5 g6 35. Kd3 Kg7 36. f4 Nc7 37. Rd7 Ne6 38. Be3 Rb5 39. Rd5 Rb7 40. f5 Nc7 41. Bd4+ Kf8 42. Rd6 Nb5 43. Rd5 Nc7 44. Bc5+ Ke8 45. Re5+ Kd8 46. fxg6 fxg6 47. Rg5 Ne6 48. Rd5+ Ke8 49.
Be3 Kf7 50. Kc4 Nc7 51. Rc5 Ne6 52. Rb5 Rc7+ 53. Kxb4 Rc2 54. b3 Re2 55. Rb7+ Ke8 56. Bg5 Rxe4+ 57. Kb5 Nd4+ 58. Kc5 Ne6+ 59. Kd6 Nxg5 60.
hxg5 Re3 61. b4 Rxg3 62. b5 Rxg5 63. b6 Rb5 64. Kc6 Rb2 65. Rg7 Rc2+ 66. Kd6 Rd2+ 67.
Kc6 Rc2+ 68. Kb7 Rg2 69. Kc8 Rc2+ 70. Kb8 Kf8 71. Rc7 Rb2 72. b7 g5 73. Kc8 Ke8 74.
b8=Q Rxb8+ 75. Kxb8 g4 76. Rc5 Kf7 77. Rxh5 Kg6 78. Rb5 g3 79. Rb3 Kf5 80. Rxg3 Kf4 81. Rg8 1-0

[Event "Early-Titled-Tuesday-Blitz-October-17-2023"]
[Site "Chess.com"]
[Date "2023.10.17"]
[Round "2"]
[White "pankajfm"]
[Black "schack_vit"]
[Result "1-0"]
[WhiteElo "2127"]
[BlackElo "2410"]
[TimeControl "180+1"]
[EndTime "8:20:59 PDT"]
[Termination "pankajfm won by resignation"]

1. e4 c5 2. Nc3 Nc6 3. g3 g6 4.
Bg2 Bg7 5. d3 e6 6. f4 Nge7 7.
Be3 b6 8. Nf3 Bb7 9. O-O d5 10.
Bf2 O-O 11. h3 Nd4 12. Nxd4 cxd4 13. Ne2 dxe4 14. dxe4 Ba6 15. e5 Rc8 16. Re1 d3 17.
cxd3 Bxd3 18. Nd4 Ba6 19. Qa4 Bd3 20. Rad1 Rc4 21. Qb3 Rxd4 22. Bxd4 Qxd4+ 23. Kh2 Rd8 24. Qc3 Qf2 25. Qd2 Qxd2 26. Rxd2 Rd7 27. Red1 f6 28. exf6 Bxf6 29. Rxd3 Rxd3 30. Rxd3 Bxb2 31. Rd7 Kf7 32. Rxa7 Bd4 33. Rb7 h5 34. Be4 Kf6 35. g4 hxg4 36. hxg4 Bc5 37. Kg3 e5 38. fxe5+ Kxe5 39. Bd3 Kf6 40.
a4 Nd5 41. Bc4 Ne3 42. Rf7+ Ke5 43. Bb5 Nd5 44. Bd3 Ne7 45. Rg7 Kf6 46. Rh7 Bd6+ 47.
Kf3 Bc5 48. Bb5 Bd6 49. Rh1 Bc5 50. Rd1 g5 51. Rh1 Ng6 52. Rh6 Kg7 53. Rh5 Kf6 54. Rh7 Ne5+ 55. Kg3 Bd6 56. Kh3 Ng6 57. Kg2 Bc5 58.
Rb7 Nf4+ 59. Kf3 Ke5 60. Bd7 Nd5 61. Bf5 Nf6 62. Rg7 Nd5 63. Rxg5 Kf6 64. Rg6+ Ke7 65. Re6+ Kf7 66. Rc6 Ne7 67. Rc7 Kf6 68. Bd3 Nd5 69. Rc6+ Ke5 70. Be4 Ne7 71. Rh6 Ng8 72.
Rh8 Ne7 73. g5 Nd5 74. Bxd5 Kxd5 75. g6 Bd4 76. Rh7 Kc5 77. g7 Bxg7 78. Rxg7 Kb4 79. Rb7 Ka5 80. Rb8 Ka6 81. Ke4 Ka5 82. Kd5 Ka6 1-0

[Event "Early-Titled-Tuesday-Blitz-October-17-2023"]
[Site "Chess.com"]
[Date "2023.10.17"]
[Round "2"]
[White "jaskol95"]
[Black "K_A_S_T_O_R"]
[Result "0-1"]
[WhiteElo "2588"]
[BlackElo "2862"]
[TimeControl "180+1"]
[EndTime "8:21:01 PDT"]
[Termination "K_A_S_T_O_R won by resignation"]

1. d4 Nf6 2. Nc3 d6 3. e4 Nbd7 4. Nf3 e5 5. Bc4 Be7 6. Be3 c6 7. a4 O-O 8. h3 exd4 9. Nxd4 Nc5 10. Qf3 Nfd7 11. Be2 Ne5 12. Qg3 Bh4 13. Qh2 Bf6 14.
O-O Qe7 15. f4 Ng6 16. Bd3 a5 17. Rae1 Re8 18. Nf5 Qf8 19. Bxc5 dxc5 20. e5 Bxf5 21. Bxf5 Bh4 22. g3 Bd8 23. Qe2 Bb6 24. Kh2 Rad8 25.
h4 Ne7 26. Bd3 Nd5 27. Ne4 Bc7 28. Qh5 g6 29. Qg5 Qe7 30. Nf6+ Nxf6 31. exf6 Qf8 32. h5 Rd5 33. f5 Rxe1 34. Rxe1 h6 35. Qe3 Re5 36. Qf2 g5 37. Rxe5 Bxe5 38. c3 Bxf6 39. Qe3 Kg7 40. Kh3 Qd6 41. Qe4 Be5 42. Kg4 Kf6 43.
Qf3 Qd5 44. Qxd5 cxd5 45. Kf3 Bd6 46. g4 Ke5 47. Ke3 c4 48. Bc2 Bc5+ 49. Kf3 d4 50.
cxd4+ Bxd4 51. b3 c3 52. Bd3 f6 53. Bc2 Bc5 54. Bd3 Kd4 55. Bc2 Bd6 56. Ke2 Bf4 57.
Bd3 Kc5 58. Bc2 Kb4 59. Kd3 Be5 60. Bd1 b5 61. axb5 Kxb5 62. Kc2 Kc5 63. Kd3 Kb4 64. Kc2 Bf4 65. Be2 Bd2 66. Bf3 Kc5 67. Kd3 Kb5 68. Bd1 Kc5 69. Bf3 Kd6 70. Bd1 Ke5 71. Kc4 Kf4 72. Kd3 Ke5 73. Kc4 Ke4 74. Bc2+ Ke3 75.
Kd5 Kf4 76. Bd1 c2 77. Bxc2 Kxg4 78. Ke6 Bc3 79. Kf7 Kxh5 80. Bd1+ g4 81. Kg7 Kg5 82.
Be2 h5 83. Kf7 h4 84. Ke6 h3 85. Bf1 Kh4 86. Kd5 g3 87. Ke4 0-1

[Event "Early-Titled-Tuesday-Blitz-October-17-2023"]
[Site "Chess.com"]
[Date "2023.10.17"]
[Round "2"]
[White "Russian_berezka"]
[Black "andrzej"]
[Result "1/2-1/2"]
[WhiteElo "2664"]
[BlackElo "2469"]
[TimeControl "180+1"]
[EndTime "8:21:23 PDT"]
[Termination "Game drawn by agreement"]

1. d4 d5 2. c4 dxc4 3. Nf3 Nf6 4. e3 e6 5. Bxc4 c5 6. O-O Nc6 7. dxc5 Qxd1 8. Rxd1 Bxc5 9. a3 O-O 10. b4 Be7 11. Bb2 Bd7 12. Nbd2 Rfd8 13. Nb3 Rac8 14. Be2 Nd5 15.
Rdc1 f6 16. Nc5 Bxc5 17. Rxc5 Nce7 18. Rac1 Rxc5 19. Rxc5 Kf7 20. g3 Rc8 21. Rxc8 Nxc8 22. Nd2 Nd6 23. Bd4 a6 24. e4 Nc7 25. f4 Bb5 26.
Bf3 Nc4 27. Nxc4 Bxc4 28. Kf2 Ke7 29. a4 Bb3 30. a5 Ba4 31. g4 Bc6 32. Ke3 Nb5 33. Bb2 Nd6 34. Bd4 Nb5 35. Bc5+ Kf7 36. Bd1 Nc3 37. Bc2 g6 38. h4 Nb5 39. Bb3 Bd7 40.
f5 gxf5 41. exf5 Nc7 42. Kd4 Ke8 43. fxe6 Nxe6+ 44. Bxe6 Bxe6 45. g5 fxg5 46. hxg5 Kf7 47. Ke5 Bc4 48. Kd6 Bb5 49. Kc7 Bc6 50. Be3 Kg6 51.
Kd6 Bf3 52. Ke5 Be2 53. Kf4 Bb5 54. Bc1 Bc6 55. Bb2 Bb5 56. Bc3 Bc6 57. Bd2 Bb5 58. Ke5 Bc6 59. Kd6 Be4 60. Kc5 Bd3 61. Kb6 Be4 62.
Be3 Bd5 63. Kc5 Bf3 64. Kd6 Bg2 65. Kc7 Be4 66. Kb6 Bf3 67. Bc1 Be4 68. Bd2 Bf3 69.
b5 axb5 70. Kxb5 Be4 71. Kb6 Bf3 72. Kc5 Be4 73. Kd4 Bf3 74. Ke5 Bc6 75. Kf4 Bg2 76. Kg3 Bc6 77. Kf2 Bd5 78. Ke2 Bc6 79. Kd3 Bd5 80.
Kd4 Bc6 81. Kc5 Bf3 82. Kb6 Be4 83. Kb5 Bf3 84. Kc5 Be4 85. Kd6 Bf3 86. Ke7 Be4 87.
Kf8 Bf3 88. Ke7 Be4 89. Kd8 Bf3 90. Kc8 Be4 91. Kb8 Bf3 92. Ka7 Be4 93. Kb6 Bf3 94.
Kb5 Be4 95. Kc4 Bf3 96. Kd4 Bg2 97. Ke3 Bc6 98. Kf4 Bg2 99. Ke5 Bc6 100. Ke6 Bf3 101. Kd6 Be4 102. Kc7 Bf3 103. Kb6 1/2-1/2

[Event "Early-Titled-Tuesday-Blitz-October-17-2023"]
[Site "Chess.com"]
[Date "2023.10.17"]
[Round "2"]
[White "Aswathchess"]
[Black "Rosh1610"]
[Result "0-1"]
[WhiteElo "2645"]
[BlackElo "2454"]
[TimeControl "180+1"]
[EndTime "8:21:41 PDT"]
[Termination "Rosh1610 won by checkmate"]

1. e4 c5 2. Nc3 Nc6 3. Bb5 Nd4 4.
Nf3 Nxb5 5. Nxb5 e6 6. O-O a6 7. Nc3 d6 8. d4 cxd4 9. Qxd4 Nf6 10. Bg5 Be7 11. Rfd1 Bd7 12. e5 dxe5 13. Nxe5 Bc6 14. Nxc6 bxc6 15. Qc4 Qc7 16. Bf4 Qb7 17. Be5 O-O 18.
b3 Nd5 19. Qg4 Nf6 20. Qg3 g6 21. Rd3 Rfd8 22. Rad1 Rxd3 23. Rxd3 Nh5 24. Qf3 Rd8 25. g4 Ng7 26. Ne4 Rxd3 27. Qxd3 Qb5 28. Qd4 Ne8 29.
c4 Qb4 30. Kg2 Qb7 31. c5 Qc8 32. Bd6 Bxd6 33. cxd6 Qd7 34. g5 e5 35. Qxe5 Qg4+ 36. Ng3 Qd7 37. Qe7 Qxe7 38. dxe7 f6 39. Ne4 fxg5 40.
Nxg5 Kg7 41. b4 h6 42. Ne6+ Kf7 43. Nd8+ Kxe7 44. Nxc6+ Kd6 45. Na5 Kd5 46. Kf3 Nd6 47. Ke3 Nf5+ 48. Kd3 Nd6 49. Nb3 Ne4 50. f3 Ng5 51.
Ke3 Ne6 52. a3 g5 53. Na5 Ng7 54. Kd3 Nf5 55. Nb3 Nh4 56. Ke3 Ng2+ 57. Kd2 Nf4 58. Ke3 Kc4 59. Nd4 Nd5+ 60. Ke4 Nf6+ 61. Ke5 Nd7+ 62.
Kd6 Nf6 63. Nf5 Kb3 64. Kc5 Kxa3 65. Nxh6 Nd7+ 66. Kd6 Nf6 67. Ke5 Nh7 68. Nf7 Kxb4 69. Kf5 a5 70. Nd6 a4 71. Kg6 a3 72. Nf5 a2 73.
Ne3 Kc3 74. Nd1+ Kd2 75. Nf2 a1=Q 76. Ne4+ Ke3 77. Kxh7 Kxf3 78. Nxg5+ Kg4 79. Nf7 Kh5 80. Kg8 Qa7 81. Kf8 Kg6 82. Nd8 Kf6 83. Kg8 Qe7 84.
Nc6 Qg7# 0-1

[Event "Early-Titled-Tuesday-Blitz-October-17-2023"]
[Site "Chess.com"]
[Date "2023.10.17"]
[Round "2"]
[White "viktorgen2021"]
[Black "SaqoChess_Twitch"]
[Result "1-0"]
[WhiteElo "2405"]
[BlackElo "2614"]
[TimeControl "180+1"]
[EndTime "8:21:51 PDT"]
[Termination "viktorgen2021 won by checkmate"]

1. Nf3 d5 2. c4 e6 3. g3 Nf6 4. Bg2 Be7 5. O-O O-O 6. b3 c5 7. Bb2 d4 8. b4 Nc6 9. bxc5 Bxc5 10. d3 e5 11. Ba3 Qe7 12. Bxc5 Qxc5 13. Nbd2 Nd7 14.
Nb3 Qd6 15. Nfd2 f5 16. Rc1 Qa3 17. e3 dxe3 18. fxe3 Nc5 19. Nb1 Qb4 20. Nc3 Nxb3 21. Qxb3 Qc5 22. Nd5 Rb8 23. Kh1 Be6 24. Rfd1 Kh8 25.
d4 Qa5 26. dxe5 Nxe5 27. Qc3 Qxc3 28. Rxc3 Ng4 29. Kg1 Rbc8 30. Nf4 Bf7 31. c5 b6 32. c6 a5 33. c7 Nxe3 34. Rxe3 Rxc7 35. Bd5 g5 36.
Ne6 Bxe6 37. Rxe6 Rd8 38. Bb3 Rxd1+ 39. Bxd1 Rc1 40. Rd6 Ra1 41. Rd2 b5 42. Kf2 b4 43.
Bb3 f4 44. gxf4 gxf4 45. Kf3 Rf1+ 46. Rf2 Ra1 47. Kxf4 Kg7 48. Ke5 Kg6 49. Kd6 Rc1 50. Bc2+ Kg7 51. Kc5 Re1 52. Kb6 Re5 53. Bb3 h5 54. Rd2 h4 55. Bd5 a4 56. Kb5 b3 57.
axb3 axb3 58. Kc4 Re3 59. Kd4 Re1 60. Bxb3 Kf6 61. Bd5 Kf5 62. Rg2 Kf4 63. Rf2+ Kg4 64. Be4 Rd1+ 65. Ke5 Kg5 66. Rg2+ Kh6 67. Kf4 Rd8 68.
Bf5 Rd4+ 69. Be4 Rd8 70. Ra2 Rf8+ 71. Bf5 Kh5 72. Ra5 Rd8 73. Bg4+ Kh6 74. Rh5+ Kg6 75. Rxh4 Rd4+ 76. Kg3 Rd3+ 77. Bf3 Ra3 78. Rg4+ Kf5 79. Rf4+ Kg5 80. Rf8 Kg6 81. h4 Ra1 82. Rf4 Rg1+ 83. Bg2 Ra1 84. Kg4 Ra5 85. Be4+ Kh6 86. Rf6+ Kg7 87. Re6 Ra4 88. Re5 Ra1 89. Kh5 Re1 90. Rg5+ Kf6 91. Bh7 Re7 92. Kh6 Re3 93. h5 Rh3 94. Rg6+ Kf7 95. Rg1 Kf8 96. Rf1+ Ke7 97. Bg6 Re3 98. Kg7 Re6 99. h6 Kd6 100. h7 Re7+ 101. Bf7 Re5 102. h8=Q Rg5+ 103. Bg6 Re5 104. Qf8+ Kd5 105. Rd1+ Kc4 106. Bf7+ Kc3 107. Qc8+ Kb4 108. Rb1+ Ka3 109. Qa8+ Ra5 110. Qxa5# 1-0

[Event "Early-Titled-Tuesday-Blitz-October-17-2023"]
[Site "Chess.com"]
[Date "2023.10.17"]
[Round "3"]
[White "subham777"]
[Black "lolo9292"]
[Result "1-0"]
[WhiteElo "2531"]
[BlackElo "2171"]
[TimeControl "180+1"]
[EndTime "8:23:19 PDT"]
[Termination "subham777 won by resignation"]

1. e4 e5 2. Nf3 Nc6 3. Bc4 Bc5 4. c3 Nf6 5. d3 d6 6. Nbd2 O-O 7. Nf1 Bb6 8. Ng3 Ne7 9. Bg5 Ng6 10. Qd2 c6 11.
Nh5 Be6 12. Bxf6 gxf6 13. Qh6 1-0

[Event "Early-Titled-Tuesday-Blitz-October-17-2023"]
[Site "Chess.com"]
[Date "2023.10.17"]
[Round "3"]
[White "GAusal"]
[Black "dodoucb"]
[Result "0-1"]
[WhiteElo "2269"]
[BlackElo "2540"]
[TimeControl "180+1"]
[EndTime "8:24:18 PDT"]
[Termination "dodoucb won by resignation"]

1. d4 Nf6 2. Nf3 e6 3. Bf4 b5 4. e3 a6 5. a4 b4 6. b3 Bb7 7.
Nbd2 c5 8. Be2 Be7 9. Nc4 d5 10. Nce5 O-O 11. Qd2 Ne4 12. Qd3 Nd7 13. Nxd7 Qxd7 14.
O-O a5 15. Nd2 Ba6 16. c4 bxc3 17. Qb1 Nxd2 18. Qc2 Bxe2 0-1